 Dungeon Crawl Stone Soup version 0.29.0-11-gd7f09526c8 (webtiles) character file.

Game seed: 6267195529377855027

6365333 Sergey the Dealer of Despair (level 23, 209/209 HPs)
             Began as a Meteoran Necromancer on Sept 3, 2022.
             Was an Elder of Kikubaaqudgha.
             Escaped with the Orb
             ... and 3 runes!
             The game lasted 04:16:20 (9727 turns).

Sergey the Dealer of Despair (Meteoran Necromancer) Turns: 9727, Time: 04:16:21

Health: 209/209    AC: 25    Str:  9    XL:     23   Next: 8%
Magic:  24/47      EV: 15    Int: 44    God:    Kikubaaqudgha [****..]
Gold:   146        SH: 13    Dex: 17    Spells: 2/60 levels left

rFire   + . .      SeeInvis +   e - staff of cold {rC+ !a}
rCold   + . .      Faith    .   L - +0 kite shield
rNeg    . . .      Spirit   .   b - +3 ring mail "Xocvez" {rElec}
rPois   +          Reflect  .   H - +2 helmet {SInv}
rElec   +          Harm     .   z - +2 cloak {Will+}
rCorr   .          Rampage  .   F - +2 pair of gloves
Will    ++...                   Q - +2 pair of boots "Ennoruck" {rF+ Will- Int+10}
Stlth   +.........              n - amulet of regeneration
HPRegen 1.24/turn               Y - +6 ring of intelligence
MPRegen 0.30/turn               y - ring of poison resistance

@: glowing, studying Long Blades
A: sense surroundings 3, otherworldly, glowing, explore regen
0: Orb of Zot
}: 3/15 runes: serpentine, barnacled, slimy
a: Renounce Religion, Unearth Wretches


You escaped.
You worshipped Kikubaaqudgha.
Kikubaaqudgha was greatly pleased with you.
You visited 9 branches of the dungeon, and saw 45 of its levels.

You collected 2217 gold pieces.
You spent 2071 gold pieces at shops.

Inventory:

Hand Weapons
 a - the +10 rapier of the Empty Page {drain, Drain Str+7}
   (You found it on level 5 of the Pits of Slime)

   A truly terrible weapon, it drains the life of any living foe it strikes.
   Str:       It affects your strength (+7).
   Drain:     It drains your maximum health when unequipped.
 w - a +9 demon trident
Missiles
 f - 6 curare-tipped darts (quivered)
 J - a throwing net
Armour
 b - the +3 ring mail "Xocvez" (worn) {rElec}
   (You bought it in a shop on level 2 of the Orcish Mines)

   rElec:     It insulates you from electricity.
 z - a +2 cloak of willpower (worn)
 F - a +2 pair of gloves (worn)
 H - a +2 helmet of see invisible (worn)
 L - a +0 kite shield (worn)
 Q - the +2 pair of boots "Ennoruck" (worn) {rF+ Will- Int+10}
   (You bought it in a shop on level 7 of the Dungeon)

   Int:       It affects your intelligence (+10).
   rF:        It protects you from fire.
   Will:      It decreases your willpower.
Magical Staves
 e - a staff of cold (weapon) {rC+ !a}
 I - a staff of fire {rF+ !a}
 W - a staff of air {rElec !a}
Jewellery
 l - a ring of willpower
 n - an amulet of regeneration (around neck)
 o - the amulet of Xuahigg {rElec rF+ Will- Regen+ Str+3}
   (You found it on level 5 of the Pits of Slime)

   [amulet of regeneration]

   Str:       It affects your strength (+3).
   rF:        It protects you from fire.
   rElec:     It insulates you from electricity.
   Regen:     It increases your rate of health regeneration.
   Will:      It decreases your willpower.
 t - a ring of resist corrosion
 u - a ring of positive energy
 y - a ring of poison resistance (right hand)
 O - an amulet of magic regeneration
 Y - a +6 ring of intelligence (left hand)
Wands
 v - a wand of digging (6)
 E - a wand of mindburst (12)
 P - a wand of charming (5)
 R - a wand of flame (14)
 T - a wand of light (2)
 U - a wand of polymorph (11)
Scrolls
 h - 3 scrolls of fear
 i - 9 scrolls of teleportation {@r3}
 j - 3 scrolls of silence {!r}
 k - 2 scrolls of enchant armour
 m - a scroll of amnesia
 r - 2 scrolls of fog {@r2}
 s - 2 scrolls of poison
 D - 2 scrolls of immolation
Potions
 c - a potion of resistance
 d - 8 potions of curing {@q2}
 g - 3 potions of haste {@q5}
 x - 6 potions of heal wounds {@q1}
 A - 2 potions of ambrosia
 C - 2 potions of magic
 K - 6 potions of lignification
 N - 4 potions of flight
 S - 2 potions of might {@q3}
Miscellaneous
 B - a tin of tremorstones (2/2)
 G - a box of beasts
 V - a condenser vane
 X - a phial of floods


   Skills:
 - Level 18.0 Fighting
 - Level 2.0 Short Blades
 - Level 12.5 Armour
 - Level 13.0 Dodging
 - Level 1.4 Stealth
 - Level 12.0 Shields
 - Level 19.0 Spellcasting
 - Level 5.0 Hexes
 + Level 20.0 Necromancy
 - Level 10.0 Translocations
 - Level 10.0 Ice Magic
 - Level 8.0 Poison Magic
 - Level 12.0 Evocations


You had 2 spell levels left.
You knew the following spells:

 Your Spells              Type           Power      Damage    Failure   Level
b - Vampiric Draining     Necr           100%       2d13      0%          3
c - Dispel Undead         Necr           100%       3d31      0%          4
d - Anguish               Hex/Necr       50%        N/A       1%          4
f - Cause Fear            Hex            36%        N/A       3%          4
g - Sublimation of Blood  Necr           100%       N/A       0%          2
i - Animate Dead          Necr           100%       N/A       0%          4
l - Passage of Golubria   Tloc           92%        N/A       1%          4
m - Ignite Poison         Fire/Tmut/Pois 60%        N/A       2%          3
p - Simulacrum            Ice/Necr       65%        N/A       1%          6
q - Death Channel         Necr           60%        N/A       1%          6
v - Olgreb's Toxic Radia  Pois           84%        N/A       1%          4
B - Borgnjor's Revivific  Necr           60%        N/A       4%          8
D - Dispersal             Tloc           46%        N/A       6%          6

Your spell library contained the following spells:

 Spells                   Type           Power      Damage    Failure   Level
 Necrotise                Necr           100%       1d9       0%          1
 Freeze                   Ice            100%       1d11      1%          1
 Sting                    Tmut/Pois      100%       1d8       1%          1
 Poisonous Vapours        Pois/Air       100%       N/A       1%          2
 Foxfire                  Conj/Fire      100%       2x1d9     2%          1
 Magic Dart               Conj           100%       1d8       2%          1
 Searing Ray              Conj           82%        2d7       3%          2
 Agony                    Necr           100%       N/A       0%          5
 Confusing Touch          Hex            72%        N/A       1%          3
 Frozen Ramparts          Ice            100%       1d16      1%          3
 Gell's Gravitas          Tloc           92%        N/A       1%          3
 Portal Projectile        Hex/Tloc       100%       N/A       1%          3
 Teleport Other           Tloc           92%        N/A       1%          3
 Tukima's Dance           Hex            72%        N/A       1%          3
 Corpse Rot               Necr/Pois/Air  90%        N/A       1%          4
 Mephitic Cloud           Conj/Pois/Air  60%        N/A       2%          3
 Hailstorm                Conj/Ice       91%        3d18      3%          4
 Iskenderun's Mystic Bla  Conj/Tloc      72%        2d15      3%          4
 Stone Arrow              Conj/Erth      82%        3d12      7%          3
 Fulminant Prism          Conj/Hex       29%        3d14      9%          4
 Summon Forest            Summ/Tloc      36%        N/A       9%          5
 Freezing Cloud           Conj/Ice/Air   41%        6-21      17%         5
 Animate Armour           Summ/Erth      82%        N/A       22%         4
 Petrify                  Tmut/Erth      41%        N/A       22%         4
 Summon Mana Viper        Hex/Summ       59%        N/A       22%         5
 Yara's Violent Unravell  Hex/Tmut       29%        3d12      22%         5
 Blade Hands              Tmut           20%        N/A       54%         5
 Lee's Rapid Deconstruct  Erth           20%        3d13*     54%         5
 Enfeeble                 Hex            36%        N/A       94%         7
 Malign Gateway           Summ/Tloc      36%        N/A       94%         7
 Summon Cactus Giant      Summ           20%        N/A       98%         6
 Dragon Form              Tmut           20%        N/A       100%        7
 Lehudib's Crystal Spear  Conj/Erth      20%        10d6      100%        8
 Summon Horrible Things   Summ           20%        N/A       100%        8
 Dragon's Call            Summ           20%        N/A       100%        9


Dungeon Overview and Level Annotations

Branches:
Dungeon (15/15)            Temple (1/1) D:5            Lair (5/5) D:9
 Shoals (4/4) Lair:3        Snake (4/4) Lair:3        Slime (5/5) Lair:4
    Orc (2/2) D:11            Elf (0/3) Orc:2        Depths (4/4) D:15
    Zot (5/5) Depths:4
 Vaults: D:13-14

Altars:
Dithmenos
Elyvilon
Fedhas
Gozag
Kikubaaqudgha
Makhleb
Nemelex Xobeh
Okawaru
Qazlal
Trog
Xom
Zin
Jiyva

Shops:
D:7 ***[   D:8 =   D:10 ((!!   Orc:2 =[[(   Depths:4 [?[?

Portals:
Abyss: Depths:3

Annotations:
D:4 Dowan, Duvessa, Grinder
D:7 Joseph
D:10 no, exclusions: downstairs and 1 more exclusion
D:12 2 runed translucent doors
Lair:3 1 runed translucent door, Camille's ghost, journeyman OgIE
Slime:5 1 exclusion
Zot:2 exclusion: downstairs
Zot:5 1 exclusion


Innate Abilities, Weirdness & Mutations

You passively map a large area around you.
You are easily found by Zot.
You glow in the dark.
You regain HP and MP as you explore.


Message History

You hear a snapping sound.
You enter the passage of Golubria.
Casting: Passage of Golubria (safe; 1% risk of failure)
Confirm with . or Enter, or press ? or * to list all spells.
Aiming: Passage of Golubria (safe; 1% risk of failure)
Press: ? - help, Dir - move target The Orb disrupts the stability of your passage!
You enter the passage of Golubria.
You enter the passage of Golubria.
Casting: Passage of Golubria (safe; 1% risk of failure)
Confirm with . or Enter, or press ? or * to list all spells.
Aiming: Passage of Golubria (safe; 1% risk of failure)
Press: ? - help, Dir - move target The Orb disrupts the stability of your passage!
You enter the passage of Golubria.
Casting: Passage of Golubria (safe; 1% risk of failure)
Confirm with . or Enter, or press ? or * to list all spells.
Aiming: Passage of Golubria (safe; 1% risk of failure)
Press: ? - help, Dir - move target The Orb disrupts the stability of your passage!
You enter the passage of Golubria.
Casting: Passage of Golubria (safe; 1% risk of failure)
Confirm with . or Enter, or press ? or * to list all spells.
Aiming: Passage of Golubria (safe; 1% risk of failure)
Press: ? - help, Dir - move target The Orb disrupts the stability of your passage!
You enter the passage of Golubria.
You enter the passage of Golubria.
You enter the passage of Golubria.
Casting: Passage of Golubria (safe; 1% risk of failure)
Confirm with . or Enter, or press ? or * to list all spells.
Okay, then.
Aiming: Dig
Press: ? - help, Shift-Dir - straight line This square is covered in magical glow.
The rock shatters into small pieces.
Blink to where?
Press: ? - help, Dir - move target
As you read the scroll of blinking {@r4}, it crumbles to dust.
You have escaped!

###............+,,..
#......#.###...# ###
#.#............#
#.#.#....###...#
#.#......###.#.#
#............#.#
##'.#........#.#
#8.8#.#.######
#♣@♣#.....
♣♣♣♣##.###, #.# ,,
.# * ,, * * *


There were no monsters in sight!

Vanquished Creatures
  A dread lich (Zot:5)
  An ancient lich (Zot:5)
  3 golden dragons
  An electric golem (Zot:5)
  Jorgrun (D:15)
  A quicksilver dragon (Zot:1)
  An acid blob (Slime:3)
  A death cob (Zot:2)
  2 storm dragons (Zot:1)
  3 azure jellies
  A frost giant (Depths:3)
  A draconian scorcher (Zot:5)
  2 draconian shifters
  A quicksilver ooze (Slime:2)
  A stone giant (Depths:4)
  Nessos (D:14)
  A purple draconian (Zot:1)
  A black draconian (Zot:2)
  2 white draconians
  A red draconian (Zot:1)
  A yellow draconian (Zot:1)
  A fire dragon (Depths:4)
  3 merfolk impalers
  2 hydras
  A boulder beetle (Lair:5)
  A catoblepas (Lair:5)
  A naga warrior (Snake:1)
  2 ogre magi
  11 two-headed ogres
  4 anacondas (Snake:2)
  3 centaur warriors
  A merfolk aquamancer (Shoals:4)
  A deep troll shaman (Depths:4)
  An alligator (Lair:5)
  2 death yaks
  2 orc high priests (Orc:2)
  A shock serpent (Snake:2)
  A hell hog (D:15)
  Nergalle (Orc:1)
  Lodul (D:12)
  3 sea snakes
  A spriggan rider (Depths:4)
  A deep troll (Depths:4)
  2 orc knights (Orc:2)
  A mana viper (Snake:4)
  A cyclops (D:11)
  A necromancer (Depths:4)
  5 manticores
  An orc sorcerer (Orc:2)
  2 fauns
  A salamander (Snake:3)
  9 moths of wrath
  4 ugly things
  5 merfolk sirens
  Maurice (D:11)
  A naga mage (Snake:4)
  A black mamba (Snake:4)
  4 torpor snails
  3 rime drakes
  A komodo dragon (Lair:1)
  2 trolls
  A wind drake (Shoals:2)
  6 merfolk
  A polar bear (Lair:5)
  2 hornets (D:10)
  2 snapping turtles
  2 slime creatures
  4 shadows
  5 wyverns
  6 yaks
  A vampire (D:10)
  A wraith (D:12)
  3 basilisks
  4 hogs (D:15)
  A steam dragon (D:9)
  A warg (Orc:2)
  A neqoxec (D:12)
  Menkaure (D:6)
  4 vampire mosquitoes (D:13)
  2 nagas
  3 water moccasins
  2 ice beasts
  2 black bears
  18 orc warriors
  A sky beast (D:7)
  4 wolves (Lair:1)
  12 ogres
  4 boggarts (D:15)
  6 centaurs
  2 phantoms
  2 kobold brigands
  Blork the orc (D:6)
  6 bullfrogs
  3 scorpions
  A gnoll sergeant (D:11)
  A necrophage (D:5)
  9 killer bees
  4 howler monkeys
  A jelly (D:6)
  A hound (D:6)
  A gnoll bouda (D:7)
  6 orc priests
  Crazy Yiuf (D:6)
  2 iguanas
  18 orc wizards
  A hell rat (Lair:5)
  2 ogre zombies (D:11)
  18 gnolls
  3 adders
  3 river rats (Lair:5)
  A white imp (D:5)
  An ufetubus (D:6)
  2 worms
  3 dart slugs
  41 orcs
  3 ball pythons
  6 bats
  4 endoplasms
  7 goblins
  4 hobgoblins
  A frilled lizard (D:3)
  A goblin skeleton (D:11)
  9 kobolds
  An orc zombie (D:11)
  4 rats
  2 butterflies (Lair:5)
394 creatures vanquished.

Vanquished Creatures (collateral kills)
  the Royal Jelly (Slime:5)
  2 dread liches (Zot:5)
  An ancient lich (Zot:5)
  2 orbs of fire
  4 Killer Klowns
  5 golden dragons
  A bone dragon (Depths:4)
  11 tentacled monstrosities
  20 Orb Guardians (Zot:5)
  5 quicksilver dragons
  Gastronok (Lair:3)
  20 acid blobs
  2 shadow dragons
  Kirke (D:15)
  6 storm dragons
  3 draconian monks
  15 azure jellies
  2 nagarajas (Snake:4)
  3 rockslimes
  A deep elf sorcerer (Depths:3)
  A fire giant (Depths:4)
  3 draconian knights
  5 draconian scorchers
  2 ghost moths
  Louise (Shoals:1)
  3 draconian shifters
  4 draconian stormcallers
  4 draconian annihilators
  A stone giant (Depths:4)
  14 quicksilver oozes
  7 green draconians
  4 black draconians
  8 red draconians
  5 purple draconians
  4 spark wasps (Depths:4)
  3 white draconians
  2 yellow draconians
  An ettin (Depths:4)
  8 merfolk impalers
  A yaktaur captain (Depths:4)
  Josephine (D:12)
  A rakshasa (D:15)
  2 merfolk avatars (Shoals:4)
  6 great orbs of eyes
  3 hydras
  An ice dragon (Depths:4)
  5 salamander tyrants (Snake:4)
  An ogre mage (D:15)
  5 two-headed ogres
  3 centaur warriors
  A catoblepas (Lair:3)
  4 merfolk aquamancers
  An alligator snapping turtle (Shoals:4)
  3 anacondas
  3 naga warriors
  3 tengu warriors
  A satyr (Shoals:4)
  5 deep troll earth magi (Depths:4)
  5 death yaks (Lair:1)
  2 deep troll shamans (Depths:4)
  2 spriggan berserkers (Depths:4)
  3 orc high priests (Orc:2)
  3 hell hogs (D:15)
  5 naga sharpshooters
  Urug (Lair:3)
  A shock serpent (Snake:2)
  4 iron trolls (Depths:4)
  A fire crab (shapeshifter) (D:15)
  9 sea snakes
  12 deep trolls (Depths:4)
  3 glowing orange brains
  4 orc knights
  9 harpies
  3 ugly things
  3 mana vipers
  2 shining eyes
  20 elephants (Lair:5)
  13 moths of wrath
  2 orc sorcerers (Orc:2)
  6 fauns
  4 salamanders
  2 cyclopes
  9 manticores
  4 water nymphs
  2 guardian serpents (Snake:4)
  14 black mambas
  4 naga magi
  6 eyes of devastation
  7 merfolk sirens
  A torpor snail (Lair:3)
  11 cane toads
  A gargoyle (D:13)
  A kobold demonologist (D:10)
  5 komodo dragons
  An efreet (D:15)
  2 tengu conjurers
  5 trolls
  18 merfolk
  6 wind drakes
  A hornet (Depths:4)
  84 slime creatures
  8 blink frogs
  A dream sheep (shapeshifter) (D:10)
  12 snapping turtles
  3 dream sheep
  A spriggan (Depths:4)
  4 water elementals
  A wyvern (D:10)
  2 vampires
  7 wraiths
  18 yaks
  A golden eye (Slime:2)
  A fire elemental (Depths:4)
  6 vampire mosquitoes
  A basilisk (Lair:5)
  A warg (Orc:2)
  9 nagas
  4 acid dragons
  8 water moccasins
  8 orc warriors
  A manticore zombie (Shoals:4)
  10 ogres
  A wolf (Lair:1)
  3 centaurs (D:13)
  A boggart (D:15)
  A kobold brigand (D:10)
  3 bullfrogs
  A necrophage (D:7)
  2 gnoll sergeants (D:10)
  A howler monkey (D:10)
  2 jellies (Lair:4)
  7 orc priests
  5 orc wizards
  4 hell rats (Lair:5)
  An iguana (D:6)
  An ogre zombie (D:11)
  5 gnolls
  An adder (D:3)
  2 river rats (Lair:5)
  18 orcs
  4 endoplasms
  2 kobolds (D:7)
  A frilled lizard (D:3)
  A hobgoblin skeleton (D:11)
  2 hobgoblin zombies (D:11)
  A kobold zombie (D:12)
  4 orc skeletons (D:11)
  10 orc zombies
  3 rats
  A bush (Lair:5)
732 creatures vanquished.

Vanquished Creatures (others)
  5 golden dragons
  6 acid blobs
  2 quicksilver dragons (Zot:5)
  7 shadow dragons
  A draconian monk (Zot:5)
  4 azure jellies
  6 storm dragons
  2 rockslimes
  3 draconian knights
  5 draconian scorchers
  A draconian stormcaller (Zot:4)
  2 quicksilver oozes
  A draconian annihilator (Zot:3)
  A green draconian (Zot:2)
  9 red draconians
  5 black draconians
  A yellow draconian (Zot:5)
  2 purple draconians
  3 white draconians
  A fire dragon (Depths:4)
  2 quicksilver dragon zombies
  2 great orbs of eyes
  3 hydras
  A salamander tyrant (Snake:4)
  2 ice dragons (Depths:4)
  2 boulder beetles
  A centaur warrior (D:10)
  An alligator snapping turtle (Shoals:3)
  A naga sharpshooter (Snake:4)
  3 storm dragon zombies
  A shock serpent (Snake:4)
  An azure jelly zombie (Slime:3)
  A golden dragon zombie (Zot:2)
  2 ghost moth zombies
  A naga ritualist (Snake:1)
  2 glowing orange brains
  2 harpies
  2 anaconda zombies
  A stone giant zombie (Depths:4)
  An ugly thing zombie (D:13)
  4 shining eyes
  A fire giant zombie (Depths:4)
  A deep elf pyromancer (D:13)
  An orc sorcerer (Orc:2)
  2 cyclopes
  A manticore (Shoals:3)
  A salamander (Snake:4)
  11 draconian zombies
  15 moths of wrath
  4 black mambas
  2 water nymphs
  An eye of devastation (Slime:4)
  4 naga magi (Snake:4)
  5 centaur zombies
  An unseen horror (D:13)
  2 green draconian zombies
  3 black draconian zombies (Zot:3)
  2 purple draconian zombies
  A rime drake (Lair:3)
  5 red draconian zombies
  2 white draconian zombies
  A hydra zombie (Lair:5)
  2 sea snake zombies
  A mana viper zombie (Snake:4)
  A troll (Orc:2)
  A merfolk (Shoals:3)
  A guardian serpent zombie (Snake:4)
  11 moth of wrath zombies
  A great orb of eyes zombie (Slime:2)
  A snapping turtle (Shoals:3)
  An ice dragon zombie (Depths:4)
  18 slime creatures
  3 boulder beetle zombies
  3 black mamba zombies
  A wind drake zombie (Shoals:2)
  A wyvern (Lair:3)
  A basilisk (D:11)
  A yak (D:12)
  3 golden eyes
  11 slime creature zombies
  6 two-headed ogre zombies
  2 cane toad zombies (Lair:3)
  4 nagas
  3 water moccasins
  6 orc warriors (Orc:2)
  An elephant zombie (Lair:5)
  A hornet zombie (D:10)
  2 manticore zombies
  3 hog zombies (D:15)
  6 ogres
  A centaur (D:13)
  2 torpor snail zombies (Lair:5)
  4 vampire mosquito zombies (D:13)
  5 blink frog zombies (Lair:5)
  2 bullfrogs
  A salamander zombie (Snake:4)
  A gnoll sergeant (D:10)
  4 water moccasin zombies
  2 wyvern zombies
  A warg zombie (Orc:2)
  8 yak zombies
  A polar bear zombie (Lair:5)
  A troll zombie (D:10)
  3 bullfrog zombies
  A hound (D:13)
  2 basilisk zombies
  A black bear zombie (Lair:5)
  An orc wizard (Orc:2)
  A human zombie (D:11)
  An acid dragon zombie (D:13)
  8 naga zombies
  9 ogre zombies
  2 hell rat zombies (Lair:5)
  2 howler monkey zombies (D:11)
  A jelly zombie (Lair:4)
  2 jackals
  2 endoplasm zombies (Lair:4)
  11 gnoll zombies
  2 jackal zombies
  6 kobold zombies
  41 orc zombies
  2 rat zombies (Lair:5)
  2 bushes (Lair:5)
  31 fungi
  32 plants
  2 toadstools (Depths:3)
463 creatures vanquished.

Grand Total: 1589 creatures vanquished

Notes
Turn   | Place    | Note
-------+----------+-------------------------------------------
     0 | D:1      | Sergey the Meteoran Necromancer began the quest for the
                  | Orb.
     0 | D:1      | Reached XP level 1. HP: 14/14 MP: 5/5
    49 | D:1      | Reached XP level 2. HP: 15/20 MP: 2/7
   132 | D:1      | Reached skill level 5 in Necromancy
   158 | D:1      | Reached XP level 3. HP: 26/26 MP: 4/8
   530 | D:3      | Found a shadowy altar of Dithmenos.
   545 | D:3      | Reached XP level 4. HP: 33/33 MP: 5/9
   550 | D:3      | Learned a level 4 spell: Animate Dead
   678 | D:3      | Reached skill level 6 in Necromancy
   778 | D:4      | Reached XP level 5. HP: 38/38 MP: 2/10
   839 | D:4      | Noticed Dowan
   840 | D:4      | Noticed Duvessa
   844 | D:4      | Noticed Grinder
   855 | D:5      | Entered Level 5 of the Dungeon
   864 | D:5      | Noticed a necrophage
   888 | D:6      | Noticed a bullfrog
   894 | D:6      | Killed a bullfrog
   895 | D:6      | Reached skill level 7 in Necromancy
   895 | D:6      | Reached XP level 6. HP: 41/46 MP: 5/11
   899 | D:6      | Reached skill level 1 in Fighting
   903 | D:6      | Learned a level 3 spell: Vampiric Draining
   952 | D:6      | Reached skill level 1 in Short Blades
   975 | D:6      | Reached XP level 7. HP: 50/55 MP: 0/14
   982 | D:6      | Noticed Blork the orc
   999 | D:6      | Killed Blork the orc
  1025 | D:6      | Your ally Blork died
  1061 | D:5      | Reached skill level 5 in Spellcasting
  1080 | D:5      | Reached XP level 8. HP: 56/62 MP: 11/18
  1388 | D:5      | Found a staircase to the Ecumenical Temple.
  1465 | Temple   | Entered the Ecumenical Temple
  1530 | Temple   | Became a worshipper of Kikubaaqudgha
  1670 | D:6      | Found a runed translucent door.
  1671 | D:6      | Noticed Crazy Yiuf
  1689 | D:6      | Killed Crazy Yiuf
  1728 | D:6      | Noticed Menkaure
  1734 | D:6      | Killed Menkaure
  1735 | D:6      | Gained mutation: You passively map the area around you.
                  | [Meteoran growth]
  1735 | D:6      | Reached XP level 9. HP: 41/71 MP: 19/21
  1787 | D:7      | Found Sexi's General Store.
  1797 | D:7      | Reached skill level 5 in Evocations
  1802 | D:7      | Found Zimoick's Assorted Antiques.
  1812 | D:7      | Bought a scroll labelled RAISTI GEIMEOKH for 23 gold pieces
  1812 | D:7      | Bought a scroll labelled XIUMIA MAATIFU for 23 gold pieces
  1812 | D:7      | Bought a pair of gloves for 103 gold pieces
  1812 | D:7      | Bought a scroll labelled RAISTI GEIMEOKH for 23 gold pieces
  1887 | D:7      | Reached skill level 8 in Necromancy
  1905 | D:7      | Found Hiruih's Antique Armour Shoppe.
  1923 | D:7      | Reached * piety under Kikubaaqudgha
  1923 | D:7      | Received a gift from Kikubaaqudgha
  1928 | D:7      | Reached skill level 9 in Necromancy
  1964 | D:7      | Found Anlah's General Store.
  1972 | D:7      | Bought a potion of heal wounds for 60 gold pieces
  2009 | D:8      | Noticed Joseph
  2059 | D:7      | You fall into a shaft and drop 3 floors!
  2059 | D:10     | Entered Level 10 of the Dungeon
  2104 | D:10     | Noticed a two-headed ogre
  2108 | D:10     | Noticed a hornet
  2119 | D:10     | Killed a two-headed ogre
  2120 | D:10     | Reached XP level 10. HP: 78/78 MP: 16/23
  2135 | D:10     | Noticed a two-headed ogre
  2149 | D:10     | Noticed a two-headed ogre
  2152 | D:10     | Reached skill level 10 in Necromancy
  2159 | D:10     | Killed a two-headed ogre
  2175 | D:10     | Killed a two-headed ogre
  2176 | D:10     | Reached skill level 11 in Necromancy
  2227 | D:10     | Reached XP level 11. HP: 77/84 MP: 21/24
  2250 | D:10     | Learned a level 2 spell: Sublimation of Blood
  2279 | D:10     | Reached skill level 12 in Necromancy
  2327 | D:10     | Noticed a centaur warrior
  2378 | D:10     | Reached ** piety under Kikubaaqudgha
  2390 | D:10     | Learned a level 4 spell: Olgreb's Toxic Radiance
  2407 | D:10     | Found Beng's Weapon Emporium.
  2416 | D:10     | Reached skill level 10 in Spellcasting
  2416 | D:10     | Reached skill level 1 in Poison Magic
  2533 | D:10     | Paralysed by a hornet for 2 turns
  2537 | D:10     | Reached skill level 5 in Poison Magic
  2537 | D:10     | Noticed a two-headed ogre
  2551 | D:10     | Reached skill level 5 in Fighting
  2555 | D:10     | Found Noffevej's Weapon Emporium.
  2581 | D:10     | Killed a two-headed ogre
  2627 | D:11     | Noticed a two-headed ogre
  2629 | D:11     | Noticed Maurice
  2654 | D:11     | Reached *** piety under Kikubaaqudgha
  2654 | D:11     | Received a gift from Kikubaaqudgha
  2662 | D:11     | Learned a level 6 spell: Death Channel
  2669 | D:11     | Learned a level 6 spell: Simulacrum
  2701 | D:11     | Noticed a cyclops
  2732 | D:11     | Killed Maurice
  2733 | D:11     | Reached skill level 5 in Dodging
  2737 | D:11     | Killed a cyclops
  2738 | D:11     | Your ally Maurice died
  2796 | D:12     | Reached XP level 12. HP: 96/96 MP: 2/27
  2802 | D:12     | Learned a level 4 spell: Dispel Undead
  2817 | D:12     | Noticed Lodul
  2823 | D:12     | Reached skill level 1 in Ice Magic
  2831 | D:12     | Killed Lodul
  2869 | D:12     | Found a runed translucent door.
  2878 | D:13     | Noticed a two-headed ogre
  2886 | D:13     | Noticed a centaur warrior
  2893 | D:13     | Killed a two-headed ogre
  2895 | D:13     | Noticed a two-headed ogre
  2898 | D:13     | Killed a centaur warrior
  2899 | D:13     | Noticed an ogre mage
  2899 | D:13     | Noticed a deep elf pyromancer
  2932 | D:13     | Killed an ogre mage
  2933 | D:13     | Reached skill level 13 in Necromancy
  2933 | D:13     | Reached skill level 5 in Ice Magic
  2940 | D:13     | Killed a two-headed ogre
  2974 | D:13     | Noticed a two-headed ogre
  2985 | D:13     | Killed a two-headed ogre
  3032 | D:13     | Noticed a centaur warrior
  3042 | D:13     | Reached XP level 13. HP: 77/102 MP: 5/28
  3044 | D:13     | Killed a centaur warrior
  3045 | D:13     | Reached **** piety under Kikubaaqudgha
  3046 | D:13     | Reached skill level 14 in Necromancy
  3110 | D:12     | Noticed Josephine
  3118 | D:12     | Killed Josephine
  3200 | D:12     | Noticed a merfolk avatar
  3200 | D:12     | Noticed a merfolk impaler
  3258 | D:12     | Found a runed translucent door.
  3259 | D:12     | Found a runed translucent door.
  3337 | D:11     | Found a staircase to the Orcish Mines.
  3347 | Orc:1    | Entered Level 1 of the Orcish Mines
  3354 | Orc:1    | Noticed Nergalle
  3369 | Orc:1    | Killed Nergalle
  3444 | Orc:2    | Entered Level 2 of the Orcish Mines
  3457 | Orc:2    | Found a staircase to the Elven Halls.
  3654 | Orc:2    | Reached skill level 10 in Fighting
  3687 | Orc:2    | Reached XP level 14. HP: 81/121 MP: 11/30
  3752 | Orc:2    | Found Houlof's Weapon Shop.
  3752 | Orc:2    | Found Rinkutu's Antique Armour Emporium.
  3754 | Orc:2    | Found Cobb's Armour Shop.
  3754 | Orc:2    | Found Oloa's Jewellery Emporium.
  3765 | Orc:2    | Bought a spiked ring mail for 234 gold pieces
  3765 | Orc:2    | Identified the +3 ring mail "Xocvez" {rElec} (You bought it
                  | in a shop on level 2 of the Orcish Mines)
  3777 | Orc:2    | Bought a ring of poison resistance for 320 gold pieces
  3908 | D:10     | Found Zuratzarph's Distillery.
  3911 | D:10     | Bought a potion of heal wounds for 85 gold pieces
  3911 | D:10     | Bought a potion of heal wounds for 85 gold pieces
  3911 | D:10     | Bought a potion of flight for 51 gold pieces
  3911 | D:10     | Bought a potion of haste for 170 gold pieces
  3922 | D:10     | Found Yczalor's Distillery.
  4187 | D:9      | Found a staircase to the Lair.
  4196 | Lair:1   | Entered Level 1 of the Lair of Beasts
  4248 | Lair:1   | Reached skill level 15 in Necromancy
  4259 | Lair:1   | Found a blossoming altar of Fedhas.
  4435 | Lair:3   | Noticed Urug
  4444 | Lair:3   | Killed Urug
  4445 | Lair:3   | Found a staircase to the Snake Pit.
  4507 | Lair:3   | Reached skill level 16 in Necromancy
  4553 | Lair:3   | Noticed Gastronok
  4559 | Lair:3   | Killed Gastronok
  4688 | Lair:3   | Found a staircase to the Shoals.
  4694 | Shoals:1 | Entered Level 1 of the Shoals
  4720 | Shoals:1 | Reached XP level 15. HP: 128/129 MP: 23/33
  4778 | Shoals:1 | Noticed Louise
  4779 | Shoals:1 | Reached skill level 1 in Shields
  4787 | Shoals:1 | Killed Louise
  4980 | Shoals:2 | Reached skill level 5 in Shields
  5013 | Shoals:2 | You fall into a shaft and drop 1 floor!
  5141 | Shoals:4 | Entered Level 4 of the Shoals
  5152 | Shoals:4 | Reached skill level 10 in Dodging
  5199 | Shoals:4 | Reached XP level 16. HP: 137/137 MP: 26/35
  5278 | Shoals:4 | Reached skill level 10 in Shields
  5278 | Shoals:4 | Reached skill level 1 in Armour
  5289 | Shoals:4 | Identified the +5 great sword of the Endless Xeniums
                  | {freeze, Stlth+}
  5321 | Shoals:4 | Reached ***** piety under Kikubaaqudgha
  5539 | Shoals:4 | Got a barnacled rune of Zot
  5750 | Lair:5   | Entered Level 5 of the Lair of Beasts
  5757 | Lair:5   | Reached skill level 5 in Armour
  5830 | Lair:5   | Reached skill level 1 in Translocations
  5848 | Lair:5   | Learned a level 4 spell: Passage of Golubria
  5887 | Lair:5   | Reached XP level 17. HP: 120/144 MP: 5/36
  6142 | Lair:4   | Found a viscous altar of Jiyva.
  6143 | Lair:4   | Found a staircase to the Slime Pits.
  6161 | Slime:1  | Entered Level 1 of the Pits of Slime
  6161 | Slime:1  | Noticed an acid blob
  6161 | Slime:1  | Noticed an azure jelly
  6168 | Slime:1  | Noticed an azure jelly
  6168 | Slime:1  | Noticed an acid blob
  6169 | Slime:1  | Reached skill level 5 in Translocations
  6169 | Slime:1  | Killed an azure jelly
  6173 | Slime:1  | Killed an acid blob
  6176 | Slime:1  | Reached skill level 10 in Ice Magic
  6197 | Slime:2  | Noticed a rockslime
  6198 | Slime:2  | Noticed an acid blob
  6200 | Slime:2  | Reached skill level 17 in Necromancy
  6201 | Slime:2  | Noticed an acid blob
  6202 | Slime:2  | Noticed an acid blob
  6202 | Slime:2  | Killed a rockslime
  6205 | Slime:2  | Killed an acid blob
  6214 | Slime:2  | Killed an acid blob
  6238 | Slime:3  | Noticed an azure jelly
  6242 | Slime:3  | Noticed an acid blob
  6243 | Slime:3  | Noticed an acid blob
  6243 | Slime:3  | Noticed an acid blob
  6247 | Slime:3  | Killed an azure jelly
  6249 | Slime:3  | Killed an acid blob
  6258 | Slime:3  | Reached skill level 18 in Necromancy
  6261 | Slime:3  | Noticed an azure jelly
  6267 | Slime:3  | Noticed an azure jelly
  6268 | Slime:3  | Noticed an acid blob
  6271 | Slime:3  | Killed an azure jelly
  6272 | Slime:3  | Gained mutation: You passively map a large area around you.
                  | [Meteoran growth]
  6272 | Slime:3  | Reached XP level 18. HP: 119/151 MP: 25/37
  6278 | Slime:3  | Killed an acid blob
  6307 | Slime:4  | Reached skill level 15 in Spellcasting
  6321 | Slime:4  | Noticed an acid blob
  6324 | Slime:4  | Killed an acid blob
  6327 | Slime:4  | Noticed an acid blob
  6328 | Slime:5  | Entered Level 5 of the Pits of Slime
  6336 | Slime:5  | Noticed an acid blob
  6342 | Slime:5  | Killed an acid blob
  6372 | Slime:5  | Noticed an acid blob
  6377 | Slime:5  | Killed an acid blob
  6384 | Slime:5  | Noticed an acid blob
  6388 | Slime:5  | Killed an acid blob
  6399 | Slime:5  | Noticed the Royal Jelly
  6407 | Slime:5  | Noticed an acid blob
  6407 | Slime:5  | Noticed an acid blob
  6408 | Slime:5  | Killed an acid blob
  6417 | Slime:5  | Noticed an acid blob
  6417 | Slime:5  | Noticed an acid blob
  6417 | Slime:5  | Killed the Royal Jelly
  6417 | Slime:5  | Killed an acid blob
  6418 | Slime:5  | Noticed an acid blob
  6420 | Slime:5  | Killed an acid blob
  6422 | Slime:5  | Killed an acid blob
  6431 | Slime:5  | Noticed an acid blob
  6436 | Slime:5  | Killed an acid blob
  6456 | Slime:5  | Noticed an acid blob
  6466 | Slime:5  | Killed an acid blob
  6468 | Slime:5  | Identified the +10 rapier of the Empty Page {drain, Drain
                  | Str+7}
  6498 | Slime:5  | Got a slimy rune of Zot
  6499 | Slime:5  | Identified the amulet of Xuahigg {rElec rF+ Will- Regen+
                  | Str+3}
  6511 | Slime:5  | Got Sif Muna's Writings on Torrid Maleficent Arts
  6543 | Slime:5  | Identified the +0 scale mail of the Armoured One {rPois
                  | Slay+3}
  6655 | Snake:1  | Entered Level 1 of the Snake Pit
  6884 | Snake:3  | Learned a level 4 spell: Anguish
  6901 | Snake:3  | Reached XP level 19. HP: 166/167 MP: 26/39
  6956 | Snake:4  | Entered Level 4 of the Snake Pit
  6982 | Snake:4  | Reached skill level 1 in Hexes
  7066 | Snake:4  | Noticed a quicksilver dragon
  7148 | Snake:4  | Noticed a quicksilver dragon
  7158 | Snake:4  | Killed a quicksilver dragon
  7172 | Snake:4  | Killed a quicksilver dragon
  7173 | Snake:4  | Reached skill level 5 in Hexes
  7173 | Snake:4  | Reached skill level 10 in Translocations
  7193 | Snake:4  | Got a serpentine rune of Zot
  7288 | Snake:2  | Learned a level 3 spell: Ignite Poison
  7292 | Snake:1  | Identified the +3 robe of Xihuuh {Str+3 Int+5}
  7361 | Lair:3   | Found a runed translucent door.
  7361 | Lair:3   | Found a shimmering altar of Xom.
  7361 | Lair:3   | Noticed Camille's ghost (journeyman OgIE)
  7421 | D:8      | Found Akyog's Jewellery Shoppe.
  7478 | D:7      | Bought a scroll of teleportation for 36 gold pieces
  7478 | D:7      | Bought a throwing net for 36 gold pieces
  7509 | D:7      | Bought a scroll of teleportation for 42 gold pieces
  7509 | D:7      | Bought a scroll of fog for 56 gold pieces
  7509 | D:7      | Bought a potion of curing for 42 gold pieces
  7509 | D:7      | Bought the +2 pair of boots "Ennoruck" {rF+ Will- Int+10}
                  | for 634 gold pieces
  7727 | D:13     | You fall into a shaft and drop 2 floors!
  7727 | D:15     | Entered Level 15 of the Dungeon
  7751 | D:15     | Noticed Kirke
  7759 | D:15     | Got the Reference Book on the Caves and Shadows
  7760 | D:15     | Killed Kirke
  7762 | D:15     | Noticed Jorgrun
  7773 | D:15     | Killed Jorgrun
  7810 | D:15     | Found a staircase to the Depths.
  7819 | Depths:1 | Entered Level 1 of the Depths
  7871 | Depths:3 | Found a one-way gate to the infinite horrors of the Abyss.
  7881 | Depths:3 | Reached skill level 19 in Necromancy
  7893 | Depths:4 | Entered Level 4 of the Depths
  7902 | Depths:4 | Found Fototzick's Armour Boutique.
  7921 | Depths:4 | Found Tuiremoc's Magic Scroll Shop.
  7951 | Depths:4 | Bought 2 scrolls of identify for 48 gold pieces
  7959 | Depths:4 | Noticed a tentacled monstrosity
  7968 | Depths:4 | Killed a tentacled monstrosity
  7969 | Depths:4 | Reached XP level 20. HP: 133/174 MP: 34/41
  7970 | Depths:4 | Found Megataf's Magic Scroll Shop.
  7972 | Depths:4 | Found a stormy altar of Qazlal.
  8039 | Depths:4 | Found Seetuoc's Armour Shop.
  8068 | Depths:4 | Noticed a tentacled monstrosity
  8074 | Depths:4 | Killed a tentacled monstrosity
  8110 | Depths:4 | Noticed a golden dragon
  8111 | Depths:4 | Acquired a staff of cold
  8113 | Depths:4 | Noticed a bone dragon
  8139 | Depths:4 | Reached skill level 10 in Armour
  8140 | Depths:4 | Killed a golden dragon
  8145 | Depths:4 | Killed a bone dragon
  8215 | Depths:4 | Found a gate to the Realm of Zot.
  8231 | Zot:1    | Entered Level 1 of the Realm of Zot
  8264 | Zot:1    | Noticed a golden dragon
  8268 | Zot:1    | Noticed a tentacled monstrosity
  8272 | Zot:1    | Killed a tentacled monstrosity
  8291 | Zot:1    | Noticed a tentacled monstrosity
  8295 | Zot:1    | Learned a level 8 spell: Borgnjor's Revivification
  8300 | Zot:1    | Killed a tentacled monstrosity
  8359 | Zot:2    | Noticed a golden dragon
  8361 | Zot:2    | Reached skill level 15 in Fighting
  8404 | Zot:2    | Noticed a tentacled monstrosity
  8421 | Zot:2    | Reached XP level 21. HP: 113/184 MP: 17/44
  8427 | Zot:2    | Killed a tentacled monstrosity
  8437 | Zot:2    | Learned a level 4 spell: Cause Fear
  8487 | Zot:3    | Noticed an orb of fire
  8487 | Zot:3    | Noticed a tentacled monstrosity
  8513 | Zot:2    | Reached skill level 10 in Evocations
  8560 | Zot:3    | Noticed a tentacled monstrosity
  8560 | Zot:3    | Noticed a golden dragon
  8571 | Zot:3    | Killed a tentacled monstrosity
  8574 | Zot:3    | Killed a golden dragon
  8659 | Zot:3    | Noticed a tentacled monstrosity
  8667 | Zot:3    | Killed a tentacled monstrosity
  8671 | Zot:3    | Noticed a tentacled monstrosity
  8673 | Zot:3    | Identified the +7 dagger "Rux Tom" {venom, *Corrode rF-
                  | Dex+10 Stlth+}
  8681 | Zot:3    | Killed a tentacled monstrosity
  8696 | Zot:3    | Killed an orb of fire
  8697 | Zot:3    | Reached skill level 20 in Necromancy
  8698 | Zot:3    | Killed a tentacled monstrosity
  8718 | Zot:4    | Noticed a tentacled monstrosity
  8724 | Zot:4    | Killed a tentacled monstrosity
  8750 | Zot:4    | Noticed a golden dragon
  8757 | Zot:4    | Noticed a tentacled monstrosity
  8760 | Zot:4    | Killed a golden dragon
  8762 | Zot:4    | Killed a tentacled monstrosity
  8790 | Zot:4    | Noticed a Killer Klown
  8808 | Zot:4    | Noticed a golden dragon
  8808 | Zot:4    | Noticed a golden dragon
  8835 | Zot:4    | Killed a Killer Klown
  8849 | Zot:4    | Reached XP level 22. HP: 165/192 MP: 4/46
  8859 | Zot:5    | Entered Level 5 of the Realm of Zot
  8929 | Zot:5    | Noticed a dread lich
  8939 | Zot:5    | Noticed an ancient lich
  8959 | Zot:5    | Killed a dread lich
  8968 | Zot:5    | Killed an ancient lich
  8987 | Zot:5    | Noticed a Killer Klown
  8990 | Zot:5    | Killed a Killer Klown
  9004 | Zot:5    | Noticed an orb of fire
  9004 | Zot:5    | Noticed a dread lich
  9008 | Zot:5    | Noticed an electric golem
  9021 | Zot:5    | Killed an electric golem
  9021 | Zot:5    | Noticed an ancient lich
  9024 | Zot:5    | Noticed a dread lich
  9036 | Zot:5    | Killed an ancient lich
  9037 | Zot:5    | Killed a dread lich
  9038 | Zot:5    | Killed an orb of fire
  9039 | Zot:5    | Killed a dread lich
  9043 | Zot:5    | Noticed a Killer Klown
  9044 | Zot:5    | Noticed a Killer Klown
  9046 | Zot:5    | Killed a Killer Klown
  9050 | Zot:5    | Killed a Killer Klown
  9052 | Zot:5    | Noticed a golden dragon
  9055 | Zot:5    | Killed a golden dragon
  9104 | Zot:5    | Reached XP level 23. HP: 209/209 MP: 43/47
  9106 | Zot:5    | Got the Orb of Zot
  9145 | Zot:5    | Noticed a curse toe
  9207 | Zot:3    | Learned a level 6 spell: Dispersal
  9285 | Depths:4 | Noticed Zaetof the pandemonium lord
  9395 | D:14     | Noticed Nessos
  9402 | D:14     | Killed Nessos
  9727 | D:$      | Escaped with the Orb!

Illustrated notes

Levels and vault maps discovered:
D:1:      saegor_arrival_simple_b, layout_basic,
          shapermc_ecumenical_altar_pompeii, minmay_rat_gold_closets
D:2:      layout_loops_corners
D:3:      layout_basic, lemuel_crystal_altar, minmay_pentomino_pile
D:4:      layout_rooms, kennysheep_small_spiral, uniq_grinder, uniq_duvessa
D:5:      layout_rooms, temple_doors_e, skrybe_limestone_x,
          roderic_serpentine_path, chequers_garden,
          kennysheep_decorative_pillar, minmay_parallelograms
D:6:      cheibrodos_thug_alley, layout_cave_pools, enter_ossuary_5,
          uniq_blork_the_orc, uniq_crazy_yiuf_cottage, uniq_menkaure
D:7:      layout_rooms, serial_shops, nicolae_shop_statue_plus, shop_statue,
          nicolae_shop_crystal, shop_statue, item_on_display_a
D:8:      gammafunk_the_bubble [the_bubble_gammafunk_crates], layout_loops_ring,
          nicolae_take_the_stairs, nicolae_looking_at_the_future, uniq_maggie,
          uniq_joseph, uniq_grum
D:9:      nicolae_cairo_tiling_very_big, layout_gridville,
          minmay_overflow_temple_star_quad, amethyst_killhole
D:10:     minmay_the_grid_net [minmay_the_grid_small_cups,
          minmay_the_grid_minigrid_small, minmay_the_grid_gridbox,
          minmay_the_grid_rooms, minmay_the_grid_aliased_spiral,
          minmay_the_grid_prize_diamond_cup], layout_cave_pools, special_room
          [special_room_orc], serial_shops, nicolae_shop_window_shopping,
          nicolae_shop_bloodbath_and_beyond, shop_fountains,
          nicolae_shop_hallway_stairs
D:11:     layout_cave_pools, zombieorc2_lemuel, grunt_ministairs_15,
          st_stairs_12, uniq_maurice
D:12:     layout_loops_ring, mikee_hates_you, uniq_josephine, uniq_lodul
D:13:     layout_cave_pools, david_vaults_2, lemuel_nasty_fountain
D:14:     layout_basic, ebering_ghost_disaster_area, uniq_nessos, uniq_rupert
D:15:     gammafunk_enter_depths_forms, layout_cave_pools, grunt_decor_cap,
          uniq_kirke, uniq_jorgrun
Temple:   dpeg_five_rooms_temple
Lair:1:   layout_cellular_growth, basic_altar, grunt_megastairs_5
Lair:2:   layout_roguey, cheibrodos_lair_caveside_slide, lemuel_fruit_tree,
          infiniplex_staircase_pool_2
Lair:3:   nzn_winding_woodlands_cross [nzn_winding_woodlands_5x15_sidewinder,
          nzn_winding_woodlands_5x15_concentric,
          nzn_winding_woodlands_5x15_lazy_stream,
          nzn_winding_woodlands_5x15_eye, nzn_winding_woodlands_15x15_killbox],
          layout_cave_shapes, elwin_shoals_entry_rooms, ebering_ghost_xom,
          serial_bayou_shore_b, uniq_urug, uniq_gastronok
Lair:4:   layout_cave_pods, nicolae_slime_entry_slimehenge,
          infiniplex_staircase_pool, serial_bayou_shore_a
Lair:5:   evilmike_catoblepas_cave, layout_cave_shapes, fungi_pond_lemuel,
          kennysheep_abandoned_house, lemuel_fruit_fields
Shoals:1: layout_shoals, kb_tengu_band, uniq_louise, uniq_mlioglotl
Shoals:2: layout_shoals, uniq_ilsuiw
Shoals:3: layout_shoals, uniq_polyphemus
Shoals:4: shoals_end_simple, layout_shoals
Snake:1:  layout_chambers, serial_shops, nicolae_shop_crystal,
          nicolae_snake_serpentine_hallways
Snake:2:  layout_rooms, drop_trap
Snake:3:  layout_honeycomb
Snake:4:  hellmonk_snake_rune_quicksilver_temple, layout_cave_town, uniq_vashnia
Slime:1:  layout_caves
Slime:2:  layout_caves
Slime:3:  layout_caves
Slime:4:  layout_caves
Slime:5
Orc:1:    nicolae_orc_accident_3, layout_diamond_mine, ebering_ghost_gozag,
          basic_altar, kennysheep_orc_sif_temple, uniq_nergalle
Orc:2:    grunt_orc_tribal_feast, layout_diamond_mine
Depths:1: layout_honeycomb, hellmouth_1, hangedman_decor_push, elyvilon_altar_4,
          nicolae_triple_integral
Depths:2: gammafunk_mikee_crab_dinner, layout_small_grid,
          gammafunk_ghost_cemetery, nicolae_uskayaw_dance_hall,
          pf_hell_entry_tar_spiral, grunt_pan_entry_in_and_out
Depths:3: nicolae_legendary_halls, layout_gridlike, enter_ziggurat_a,
          minmay_door_square, nicolae_abyss_entry_one_way_or_another,
          pf_hell_entry_great_geh, minmay_gold_behind_fungi, uniq_grunn
Depths:4: grunt_zot_entry_bicorn, layout_cave_pools, grunt_hell_entry_dis_mu,
          chequers_serial_rivers_micro_c, serial_shops, nicolae_shop_crystal,
          shop, nicolae_shop_waterfront, shop_scrolls,
          nicolae_qazlal_scattered_showers
Zot:1:    layout_gridlike
Zot:2:    layout_concentric_octagons
Zot:3:    layout_misc_corridors
Zot:4:    layout_concentric_octagons
Zot:5:    layout_twisted_circle

Skill      XL: |  1  2  3  4  5  6  7  8  9 10 11 12 13 14 15 16 17 18 19 20 21 22 23 |
---------------+----------------------------------------------------------------------+-----
Spellcasting   | 3 4 6 7 8 10 11 13 14 15 16 18 19 | 19.0
Necromancy     | 5 6 7 9 11 12 13 14 16 18 19 20 | 20.0
Fighting       | 2 4 6 10 11 14 15 17 18 | 18.0
Short Blades   | 2 |  2.0
Evocations     | 3 4 7 9 12 | 12.0
Dodging        | 4 6 10 11 12 13 | 13.0
Poison Magic   | 6 8 |  8.0
Ice Magic      | 7 8 9 10 | 10.0
Shields        | 8 11 12 | 12.0
Armour         | 5 6 10 12 | 12.5
Translocations | 2 8 10 | 10.0
Hexes          | 5 |  5.0
Stealth        | |  1.4

Action                   |  1- 3 |  4- 6 |  7- 9 | 10-12 | 13-15 | 16-18 | 19-21 | 22-24 || total
-------------------------+-------+-------+-------+-------+-------+-------+-------+-------++-------
Melee: Short sword       |       |     2 |    39 |    40 |    35 |       |       |       ||   116
       Quarterstaff      |       |       |       |    19 |       |       |       |       ||    19
       Punch             |       |       |       |       |     1 |       |       |       ||     1
       Demon trident     |       |       |       |       |       |    34 |    26 |     1 ||    61
       Staff             |       |       |       |       |       |       |     6 |     1 ||     7
 Fire: Sling             |       |       |       |       |    33 |       |       |       ||    33
Throw: Throwing net      |       |       |       |     1 |       |     1 |       |       ||     2
 Cast: Necrotise         |    55 |    59 |    97 |    57 |     4 |       |       |       ||   272
       Animate Dead      |       |     3 |     5 |    11 |    13 |     7 |    14 |     2 ||    55
       Vampiric Draining |       |     3 |    20 |    32 |    12 |       |     3 |       ||    70
       Olgreb's Toxic Ra |       |       |       |    28 |    70 |    33 |    44 |     6 ||   181
       Death Channel     |       |       |       |     5 |    24 |    17 |    20 |     5 ||    71
       Simulacrum        |       |       |       |     5 |   118 |   155 |   127 |    39 ||   444
       Sublimation of Bl |       |       |       |     4 |    28 |    34 |    27 |    11 ||   104
       Dispel Undead     |       |       |       |     4 |     4 |       |     5 |     6 ||    19
       Passage of Golubr |       |       |       |       |       |    16 |    63 |    38 ||   117
       Anguish           |       |       |       |       |       |     1 |    19 |     2 ||    22
       Ignite Poison     |       |       |       |       |       |       |    12 |     3 ||    15
       Cause Fear        |       |       |       |       |       |       |     2 |       ||     2
       Dispersal         |       |       |       |       |       |       |       |     4 ||     4
Invok: Unearth Wretches  |       |       |       |     2 |    21 |    23 |    20 |     6 ||    72
Evoke: Wand              |       |       |    11 |    19 |     2 |     1 |     5 |    22 ||    60
       Box of beasts     |       |       |       |     2 |     1 |     1 |     1 |     1 ||     6
       Phial of floods   |       |       |       |       |       |       |     2 |       ||     2
       Condenser vane    |       |       |       |       |       |       |     1 |     1 ||     2
  Use: Scroll            |       |     2 |     6 |       |     6 |    12 |     8 |    11 ||    45
       Potion            |       |     1 |     2 |     3 |     4 |       |     6 |     7 ||    23
 Stab: Paralysed         |       |       |       |     1 |     3 |     9 |     7 |       ||    20
       Distracted        |       |       |       |       |       |     1 |     2 |       ||     3
Armor: Robe              |     1 |     9 |    57 |    92 |    31 |       |       |       ||   190
       Ring mail         |       |       |       |       |   142 |   119 |    72 |    34 ||   367
Dodge: Dodged            |     7 |    15 |    69 |   124 |   173 |    92 |    90 |    34 ||   604
Block: Kite shield       |       |       |       |       |       |   181 |   118 |    59 ||   358
